PAAA
ROYSE CITY TARGARYENS @ MILTON DOGFISH HEAD
07/20/2025
 
TOP OF THE 1ST
Royse City Targaryens batting - Pitching for Milton Dogfish Head : RHP Juan Lara
Pitching: RHP Juan Lara
Batting: LHB Jorge Garza 0-0: Foul Ball, location: 2F
0-1: Ground out 4-3 (Groundball, 4MS)
Batting: LHB José Vargas 0-0: Swinging Strike
0-1: Ball
1-1: Ball
2-1: Called Strike
2-2: Foul Ball, location: 2F
2-2: Ball
3-2: Base on Balls
Batting: LHB Shang-de Zhang 0-0: Ball
1-0: SINGLE (Flyball, 9LS)
José Vargas to second
Batting: LHB Cisco Padilla 0-0: Fly out, F7 (Flyball, 7S)
Batting: RHB Curt Johnston 0-0: Called Strike
0-1: Ball
1-1: Fielders Choice at 2nd, 4-6 (Groundball, 4)
Top of the 1st over - 0 run(s), 1 hit(s), 0 error(s), 1 left on base; Royse City 0 - Milton 0
BOTTOM OF THE 1ST
Milton Dogfish Head batting - Pitching for Royse City Targaryens : RHP Edward Whipp
Pitching: RHP Edward Whipp
Batting: RHB Juan Jose Ayala 0-0: Ball
1-0: Ball
2-0: Foul Ball, location: 2F
2-1: SINGLE (Line Drive, 89S)
Batting: LHB Víctor Robledo 0-0: Ball
1-0: Called Strike
Juan Jose Ayala steals 2nd base
1-1: Ball
2-1: Ball
3-1: Fly out, F7 (Flyball, 7S)
Batting: LHB Floyd Long 0-0: Called Strike
0-1: SINGLE (Line Drive, 4D)
Juan Jose Ayala to third
Runner from 3rd tries for Home, SAFE, no throw
Batting: RHB Fernando Silva 0-0: Ball
1-0: Ball
2-0: Foul Ball, location: 2F
2-1: SINGLE (Line Drive, 8LS)
Floyd Long to second
Batting: RHB David Sánchez 0-0: Ball
1-0: Called Strike
1-1: Called Strike
1-2: Ball
2-2: Ball
3-2: Base on Balls
Floyd Long to third
Fernando Silva to second
Batting: LHB António Ramos 0-0: Swinging Strike
0-1: Swinging Strike
0-2: Ball
1-2: Foul Ball, location: 2F
1-2: Foul Ball, location: 2F
1-2: Foul Ball, location: 2F
1-2: Foul Ball, location: 2F
1-2: Ball
2-2: Ball
3-2: Fly out, F7 (Flyball, 78M)
Batting: RHB José Correa 0-0: Ball
1-0: Called Strike
1-1: Fly out, F7 (Flyball, 7)
Bottom of the 1st over - 1 run(s), 3 hit(s), 0 error(s), 3 left on base; Royse City 0 - Milton 1
TOP OF THE 2ND
Royse City Targaryens batting - Pitching for Milton Dogfish Head : RHP Juan Lara
Batting: RHB Héctor Ruíz 0-0: Called Strike
0-1: Ball
1-1: Foul Ball, location: 2F
1-2: Ball
2-2: Foul Ball, location: 2F
2-2: Ball
3-2: Foul Ball, location: 2F
3-2: Base on Balls
Batting: LHB Carl Duncan 0-0: Foul Ball, location: 2F
0-1: Ball
1-1: Foul Ball, location: 2F
1-2: Foul Ball, location: 2F
1-2: SINGLE (Groundball, 3D)
Héctor Ruíz to second
Runner from 2nd tries for 3rd, SAFE, throw made to third
Carl Duncan to second
Batting: RHB Miguel Uribe 0-0: Swinging Strike
0-1: Ball
1-1: Swinging Strike
1-2: Fly out, F9 (Flyball, 9S)
Batting: RHB Sancho Balderas 0-0: Called Strike
0-1: Foul Ball, location: 2F
0-2: Ball
1-2: Reached via error on a dropped throw, E3
Héctor Ruíz scores
Carl Duncan to third
Batting: LHB Jorge Garza 0-0: SINGLE (Flyball, 8RS)
Carl Duncan scores
Sancho Balderas to second
Batting: LHB José Vargas 0-0: Called Strike
0-1: Foul Ball, location: 2F
0-2: Ball
1-2: Ball
2-2: Foul Ball, location: 2F
2-2: Foul Ball, location: 2F
2-2: Ball
3-2: Fielders Choice at 2nd, 4-6 (Groundball, 4)
Sancho Balderas to third
Batting: LHB Shang-de Zhang 0-0: SINGLE (Groundball, 34) (infield hit)
Sancho Balderas scores
José Vargas to second
Batting: LHB Cisco Padilla 0-0: Foul Ball, location: 2F
0-1: Ball
1-1: Swinging Strike
1-2: Foul Ball, location: 2F
1-2: Ball
2-2: Foul Ball, location: 2F
2-2: Ball
3-2: DOUBLE (Line Drive, 9LM)
José Vargas scores
Shang-de Zhang to third
Shang-de Zhang scores
Batting: RHB Curt Johnston 0-0: Called Strike
0-1: Ground out 6-3 (Groundball, 6)
Top of the 2nd over - 5 run(s), 4 hit(s), 1 error(s), 1 left on base; Royse City 5 - Milton 1
BOTTOM OF THE 2ND
Milton Dogfish Head batting - Pitching for Royse City Targaryens : RHP Edward Whipp
Batting: RHB Leonard James 0-0: Ball
1-0: Called Strike
1-1: Ball
2-1: Ball
3-1: Foul Ball, location: 2F
3-2: Foul Ball, location: 2F
3-2: Base on Balls
Batting: RHB Marcos Calderón 0-0: Called Strike
0-1: Grounds into double play, 5-4-3 (Groundball, 5)
Batting: RHB Juan Jose Ayala 0-0: Swinging Strike
0-1: Called Strike
0-2: Ball
1-2: Foul Ball, location: 2F
1-2: Foul Ball, location: 2F
1-2: Ball
2-2: Ground out 6-3 (Groundball, 6)
Bottom of the 2nd over - 0 run(s), 0 hit(s), 0 error(s), 0 left on base; Royse City 5 - Milton 1
TOP OF THE 3RD
Royse City Targaryens batting - Pitching for Milton Dogfish Head : RHP Juan Lara
Batting: RHB Héctor Ruíz 0-0: Ball
1-0: Ball
2-0: SINGLE (Line Drive, 34)
Batting: LHB Carl Duncan 0-0: SINGLE (Groundball, 34D)
Héctor Ruíz to second
Runner from 2nd tries for 3rd, SAFE, throw made to third
Batting: RHB Miguel Uribe 0-0: Foul Ball, location: 2F
0-1: Ball
1-1: Swinging Strike
1-2: Ball
2-2: Foul Ball, location: 2F
2-2: Strikes out swinging
Batting: RHB Sancho Balderas 0-0: SINGLE (Groundball, 5D)
Héctor Ruíz scores
Carl Duncan to second
Batting: LHB Jorge Garza 0-0: Ball
1-0: Ball
2-0: Called Strike
2-1: Ball
3-1: Base on Balls
Carl Duncan to third
Sancho Balderas to second
Batting: LHB José Vargas 0-0: Foul Ball, location: 2F
0-1: Called Strike
0-2: Foul Ball, location: 2F
0-2: Ball
1-2: Foul Ball, location: 2F
1-2: Ball
2-2: Foul Ball, location: 2F
2-2: Foul Ball, location: 2F
2-2: Ball
3-2: Foul Ball, location: 2F
3-2: Base on Balls
Carl Duncan scores
Sancho Balderas to third
Jorge Garza to second
Pitching: RHP Manny Pérez
Batting: LHB Shang-de Zhang 0-0: Reached on error, E6 (Line Drive, 6D)
Sancho Balderas scores
Jorge Garza to third
José Vargas to second
Batting: LHB Cisco Padilla 0-0: Ball
1-0: Called Strike
1-1: Ball
2-1: Foul Ball, location: 2F
2-2: Foul Ball, location: 2F
2-2: Ball
3-2: Strikes out looking
Batting: RHB Curt Johnston 0-0: Called Strike
0-1: Ball
1-1: SINGLE (Groundball, 34D)
Jorge Garza scores
José Vargas to third
Shang-de Zhang to second
Runner from 3rd tries for Home, SAFE, no throw
Batting: RHB Héctor Ruíz 0-0: Foul Ball, location: 2F
0-1: SINGLE (Line Drive, 89S)
Shang-de Zhang to third
Curt Johnston to second
Runner from 3rd tries for Home, SAFE, throw made at trailing runner, SAFE at third!
Batting: LHB Carl Duncan 0-0: Called Strike
0-1: Ball
1-1: SINGLE (Groundball, 4MD)
Curt Johnston scores
Héctor Ruíz to second
Batting: RHB Miguel Uribe 0-0: Ball
1-0: Ball
2-0: Fielders Choice at 2nd, 6-4 (Groundball, 6)
Top of the 3rd over - 7 run(s), 6 hit(s), 1 error(s), 1 left on base; Royse City 12 - Milton 1
BOTTOM OF THE 3RD
Milton Dogfish Head batting - Pitching for Royse City Targaryens : RHP Edward Whipp
Batting: LHB Víctor Robledo 0-0: Ground out U3 (Groundball, 34)
Batting: LHB Floyd Long 0-0: Ball
1-0: Ball
2-0: Fly out, F8 (Line Drive, 78D)
Batting: RHB Fernando Silva 0-0: Ball
1-0: Fly out, F8 (Flyball, 89S)
Bottom of the 3rd over - 0 run(s), 0 hit(s), 0 error(s), 0 left on base; Royse City 12 - Milton 1
TOP OF THE 4TH
Royse City Targaryens batting - Pitching for Milton Dogfish Head : RHP Manny Pérez
Batting: RHB Sancho Balderas 0-0: Ball
1-0: Called Strike
1-1: Ball
2-1: Ground out 4-3 (Groundball, 4M)
Batting: LHB Jorge Garza 0-0: Called Strike
0-1: Swinging Strike
0-2: Foul Ball, location: 2F
0-2: Ball
1-2: Ball
2-2: Foul Ball, location: 2F
2-2: Foul Ball, location: 2F
2-2: Foul Ball, location: 2F
2-2: Ball
3-2: Base on Balls
Batting: LHB José Vargas 0-0: Called Strike
0-1: Ball
1-1: Ball
2-1: Swinging Strike
2-2: Ball
3-2: DOUBLE (Groundball, 5L)
Jorge Garza to third
Batting: LHB Shang-de Zhang 0-0: Ball
1-0: Ball
2-0: Called Strike
2-1: Fly out, F7 (Flyball, 7S)
Batting: LHB Cisco Padilla 0-0: Called Strike
0-1: Ball
1-1: Ball
2-1: Foul Ball, location: 2F
2-2: Foul Ball, location: 2F
2-2: Foul Ball, location: 2F
2-2: Foul Ball, location: 2F
2-2: Fly out, F4 (Popup, 34D)
Top of the 4th over - 0 run(s), 1 hit(s), 0 error(s), 2 left on base; Royse City 12 - Milton 1
BOTTOM OF THE 4TH
Milton Dogfish Head batting - Pitching for Royse City Targaryens : RHP Edward Whipp
Batting: RHB David Sánchez 0-0: Called Strike
0-1: Ball
1-1: Foul Ball, location: 2F
1-2: Ball
2-2: Foul Ball, location: 2F
2-2: Foul Ball, location: 2F
2-2: Ground out 5-3 (Groundball, 56)
Batting: LHB António Ramos 0-0: Ball
1-0: SINGLE (Groundball, 4MD)
Batting: RHB José Correa 0-0: Ball
1-0: SINGLE (Groundball, 4MD)
António Ramos to second
Batting: RHB Leonard James 0-0: Ball
1-0: Called Strike
1-1: Grounds into double play, 1-6-3 (Groundball, P)
Bottom of the 4th over - 0 run(s), 2 hit(s), 0 error(s), 1 left on base; Royse City 12 - Milton 1
TOP OF THE 5TH
Royse City Targaryens batting - Pitching for Milton Dogfish Head : RHP Manny Pérez
Batting: RHB Curt Johnston 0-0: Ball
1-0: Called Strike
1-1: Ball
2-1: Foul Ball, location: 2F
2-2: Ball
3-2: Base on Balls
Pitching: RHP Brandeis Göller
Batting: RHB Héctor Ruíz 0-0: Foul Ball, location: 2F
0-1: Ball
1-1: Foul Ball, location: 2F
1-2: Foul Ball, location: 2F
1-2: Ball
2-2: Fly out, F9 (Flyball, 89M)
Batting: LHB Carl Duncan 0-0: Ball
1-0: Foul Ball, location: 2F
1-1: Ball
2-1: Ball
3-1: Base on Balls
Curt Johnston to second
Batting: RHB Miguel Uribe 0-0: Fly out, F8 (Line Drive, 89M)
Batting: RHB Sancho Balderas 0-0: Called Strike
0-1: Ball
1-1: Ground out 5-3 (Groundball, 56S)
Top of the 5th over - 0 run(s), 0 hit(s), 0 error(s), 2 left on base; Royse City 12 - Milton 1
BOTTOM OF THE 5TH
Milton Dogfish Head batting - Pitching for Royse City Targaryens : RHP Edward Whipp
Batting: RHB Marcos Calderón 0-0: Ball
1-0: Called Strike
1-1: Foul Ball, location: 2F
1-2: Strikes out swinging
Batting: RHB Juan Jose Ayala 0-0: Ball
1-0: Swinging Strike
1-1: Foul Ball, location: 2F
1-2: Ball
2-2: Foul Ball, location: 2F
2-2: SINGLE (Line Drive, 9S)
Batting: LHB Víctor Robledo 0-0: Ball
1-0: Ball
2-0: Called Strike
2-1: Ball
3-1: Foul Ball, location: 2F
3-2: SINGLE (Line Drive, 8RS)
Juan Jose Ayala to second
Juan Jose Ayala to third
Batting: LHB Floyd Long 0-0: Called Strike
0-1: Ball
1-1: Ball
2-1: Ball
3-1: Fly out, F8 (Flyball, 78M)
Runner from 3rd tags up, SCORES, no throw
Pitching: RHP Gabriel Rodríguez
Batting: RHB Fernando Silva 0-0: Swinging Strike
0-1: Ball
1-1: Called Strike
1-2: Ball
2-2: Ball
3-2: Base on Balls
Víctor Robledo to second
Batting: RHB David Sánchez 0-0: Called Strike
0-1: Called Strike
0-2: Fly out, F9 (Flyball, 9LS)
Bottom of the 5th over - 1 run(s), 2 hit(s), 0 error(s), 2 left on base; Royse City 12 - Milton 2
TOP OF THE 6TH
Royse City Targaryens batting - Pitching for Milton Dogfish Head : RHP Brandeis Göller
Batting: LHB Jorge Garza 0-0: Ball
1-0: Ball
2-0: Ball
3-0: Called Strike
3-1: Ground out 4-3 (Groundball, 4)
Batting: LHB José Vargas 0-0: Called Strike
0-1: Foul Ball, location: 2F
0-2: Hit by Pitch
Batting: LHB Shang-de Zhang 0-0: Called Strike
0-1: 2-RUN HOME RUN (Flyball, 9D), Distance : 378 ft
Batting: LHB Cisco Padilla 0-0: Ball
1-0: Ball
2-0: Foul Ball, location: 2F
2-1: SINGLE (Groundball, 34D)
Batting: RHB Curt Johnston 0-0: Called Strike
0-1: Ball
1-1: Grounds into double play, 5-4-3 (Groundball, 56)
Top of the 6th over - 2 run(s), 2 hit(s), 0 error(s), 0 left on base; Royse City 14 - Milton 2
BOTTOM OF THE 6TH
Milton Dogfish Head batting - Pitching for Royse City Targaryens : RHP Gabriel Rodríguez
Batting: LHB António Ramos 0-0: Foul Ball, location: 2F
0-1: Ball
1-1: Ball
2-1: Foul Ball, location: 2F
2-2: Strikes out swinging
Batting: RHB José Correa 0-0: Ball
1-0: Called Strike
1-1: Ball
2-1: Ball
3-1: Base on Balls
Batting: RHB Leonard James 0-0: Grounds into double play, 6-4-3 (Groundball, 6)
Bottom of the 6th over - 0 run(s), 0 hit(s), 0 error(s), 0 left on base; Royse City 14 - Milton 2
TOP OF THE 7TH
Royse City Targaryens batting - Pitching for Milton Dogfish Head : RHP Brandeis Göller
Batting: RHB Héctor Ruíz 0-0: SINGLE (Line Drive, 6D)
Batting: LHB Carl Duncan 0-0: Foul Ball, location: 2F
0-1: Ball
1-1: Ball
2-1: Ball
3-1: Foul Ball, location: 2F
3-2: DOUBLE (Groundball, 3L)
Héctor Ruíz to third
Runner from 3rd tries for Home, SAFE, no throw
Pitching: RHP Iván Ledesma Jr.
Batting: RHB Miguel Uribe 0-0: Ball
1-0: Ball
2-0: Ball
3-0: Called Strike
3-1: Base on Balls
Batting: RHB Sancho Balderas 0-0: Ball
1-0: Called Strike
1-1: Called Strike
1-2: Ball
2-2: Ball
3-2: Strikes out swinging
Batting: LHB Jorge Garza 0-0: Swinging Strike
0-1: Ball
1-1: Foul Ball, location: 2F
1-2: Ball
2-2: Foul Ball, location: 2F
2-2: Fielders Choice at 2nd, 4-6 (Groundball, 4)
Carl Duncan to third
Batting: LHB José Vargas 0-0: Called Strike
0-1: Ball
1-1: Ball
2-1: Swinging Strike
2-2: Ball
3-2: Base on Balls
Jorge Garza to second
Batting: LHB Shang-de Zhang 0-0: Ball
1-0: Ball
2-0: Ball
3-0: Base on Balls
Carl Duncan scores
Jorge Garza to third
José Vargas to second
Batting: LHB Cisco Padilla 0-0: Ball
1-0: SINGLE (Groundball, 4S) (infield hit)
Jorge Garza scores
José Vargas to third
Shang-de Zhang to second
Batting: RHB Curt Johnston 0-0: Ball
1-0: Called Strike
1-1: SINGLE (Groundball, 6MD)
José Vargas scores
Shang-de Zhang to third
Cisco Padilla to second
Runner from 3rd tries for Home, SAFE, throw made home
Cisco Padilla to third
Curt Johnston to second
Pitching: RHP Carlos Valentín
Batting: RHB Héctor Ruíz 0-0: Foul Ball, location: 2F
0-1: Fly out, F9 (Flyball, 9S)
Top of the 7th over - 5 run(s), 4 hit(s), 0 error(s), 2 left on base; Royse City 19 - Milton 2
BOTTOM OF THE 7TH
Milton Dogfish Head batting - Pitching for Royse City Targaryens : RHP Gabriel Rodríguez
Batting: RHB Marcos Calderón 0-0: Called Strike
0-1: Foul Ball, location: 2F
0-2: Fly out, F6 (Line Drive, 6M)
Batting: RHB Juan Jose Ayala 0-0: Foul Ball, location: 2F
0-1: SINGLE (Line Drive, 7S)
Batting: LHB Víctor Robledo 0-0: Ball
1-0: Ball
2-0: Ball
3-0: Called Strike
3-1: Fielders Choice at 2nd, 3-6 (Groundball, 34)
Batting: LHB Floyd Long Pickoff Throw to First - Out!
Bottom of the 7th over - 0 run(s), 1 hit(s), 0 error(s), 0 left on base; Royse City 19 - Milton 2
TOP OF THE 8TH
Royse City Targaryens batting - Pitching for Milton Dogfish Head : RHP Carlos Valentín
Pinch Hitting: LHB Aurelio Aurillo 0-0: Ball
1-0: Ball
2-0: Swinging Strike
2-1: Ball
3-1: Swinging Strike
3-2: Base on Balls
Batting: RHB Miguel Uribe 0-0: Ball
1-0: Ball
2-0: Foul Ball, location: 2F
2-1: Called Strike
2-2: Ball
3-2: Foul Ball, location: 2F
3-2: Base on Balls
Aurelio Aurillo to second
Pinch Hitting: RHB Javier Chávez 0-0: Called Strike
0-1: Called Strike
0-2: Ball
1-2: Foul Ball, location: 2F
1-2: Strikes out swinging
Batting: LHB Jorge Garza 0-0: Ball
1-0: Swinging Strike
1-1: Foul Ball, location: 2F
1-2: Foul Ball, location: 2F
1-2: Fielders Choice at 2nd, 4-6 (Groundball, 34)
Aurelio Aurillo to third
Batting: LHB José Vargas 0-0: Called Strike
0-1: Swinging Strike
0-2: Strikes out swinging
Top of the 8th over - 0 run(s), 0 hit(s), 0 error(s), 2 left on base; Royse City 19 - Milton 2
BOTTOM OF THE 8TH
Milton Dogfish Head batting - Pitching for Royse City Targaryens : RHP Gabriel Rodríguez
Now at 1B: Aurelio Aurillo
Now at SS: Javier Chávez
Batting: LHB Floyd Long 0-0: Called Strike
0-1: Ball
1-1: Foul Ball, location: 2F
1-2: Ball
2-2: DOUBLE (Flyball, 7LM)
Pinch Hitting: RHB Roy Childress 0-0: 2-RUN HOME RUN (Flyball, 7LD), Distance : 372 ft
Batting: RHB David Sánchez 0-0: Ball
1-0: Ball
2-0: Ball
3-0: Called Strike
3-1: Base on Balls
Batting: LHB António Ramos 0-0: DOUBLE (Line Drive, 78D)
David Sánchez to third
Runner from 3rd tries for Home, SAFE, throw made home
Pitching: RHP John Hicks
Batting: RHB José Correa 0-0: Called Strike
0-1: Ball
1-1: Ball
2-1: Foul Ball, location: 2F
2-2: Ball
3-2: Foul Ball, location: 2F
3-2: Ground out 5-3 (Groundball, 56)
Batting: RHB Leonard James 0-0: Called Strike
0-1: Foul Ball, location: 2F
0-2: Foul Ball, location: 2F
0-2: Ball
1-2: Strikes out swinging
Batting: RHB Marcos Calderón 0-0: Called Strike
0-1: Ball
1-1: Swinging Strike
1-2: Strikes out looking
Bottom of the 8th over - 3 run(s), 3 hit(s), 0 error(s), 1 left on base; Royse City 19 - Milton 5
TOP OF THE 9TH
Royse City Targaryens batting - Pitching for Milton Dogfish Head : RHP Carlos Valentín
Pitching: RHP Jim Unknown
Now in CF: Roy Childress
Batting: LHB Shang-de Zhang 0-0: Ball
1-0: Fly out, F7 (Flyball, 7LMF)
Batting: LHB Cisco Padilla 0-0: Ball
1-0: Swinging Strike
1-1: Foul Ball, location: 2F
1-2: Foul Ball, location: 2F
1-2: Ball
2-2: Ball
3-2: Strikes out swinging
Pinch Hitting: LHB Jerry Wilson 0-0: Foul Ball, location: 2F
0-1: Fly out, F7 (Flyball, 78S)
Top of the 9th over - 0 run(s), 0 hit(s), 0 error(s), 0 left on base; Royse City 19 - Milton 5
BOTTOM OF THE 9TH
Milton Dogfish Head batting - Pitching for Royse City Targaryens : RHP John Hicks
Now at 2B: Jim Unknown
Batting: RHB Juan Jose Ayala 0-0: Ball
1-0: Swinging Strike
1-1: Foul Ball, location: 2F
1-2: Strikes out looking
Pitching: RHP Harry Mander
Batting: LHB Víctor Robledo 0-0: Fly out, F8 (Line Drive, 8RM)
Batting: LHB Floyd Long 0-0: Called Strike
0-1: Swinging Strike
0-2: Ball
1-2: Ball
2-2: Ball
3-2: Base on Balls
Batting: RHB Roy Childress 0-0: Foul Ball, location: 2F
0-1: Ball
1-1: Ball
2-1: Swinging Strike
2-2: Ball
3-2: Base on Balls
Floyd Long to second
Batting: RHB David Sánchez 0-0: Ground out 1-3 (Groundball, 13S)
Bottom of the 9th over - 0 run(s), 0 hit(s), 0 error(s), 2 left on base; Royse City 19 - Milton 5
Friday, December 30th, 2016 - OOTP Baseball 17.12 Build 75